 Dungeon Crawl Stone Soup version 0.27-a0-978-g2aa4ecd (webtiles) character file.

Game seed: 9490831390650829106

92726 ChiliFlavouring the Warrior (level 15, -21/217 HPs)
             Began as a Minotaur Berserker on Apr 13, 2021.
             Was a High Priest of Trog.
             Hit by a javelin thrown by a merfolk javelineer (26 damage)
             ... on level 4 of the Shoals on Apr 14, 2021.
             The game lasted 01:01:01 (22133 turns).

ChiliFlavouring the Warrior (Minotaur Berserker)   Turns: 22133, Time: 01:01:01

Health: -21/217    AC: 30    Str: 36      XL:     15   Next: 58%
Magic:  23/23      EV: 12    Int: 10      God:    Trog [*****.]
Gold:   1133       SH: 12    Dex: 18 (20) Spells: 14/14 levels left

rFire    + + .     SeeInvis .   X - +3 morningstar (vorpal)
rCold    . . .     Faith    .   T - +1 buckler
rNeg     + + +     Spirit   .   Q - +8 scale mail of Beyond {Str+3 Int+4 Dex+4}
rPois    .         Reflect  +   (helmet unavailable)
rElec    +         Harm     .   k - +0 cloak
rCorr    .         Rampage  .   B - +5 pair of gloves of Impatience {rN+++ Str+7 Int-2}
Will     +++..                  (no boots)
Stlth    ..........             R - amulet "Aqeo" {Reflect rElec Int+4 Dex+4 Slay+3 SH+5}
HPRegen  1.46/turn              v - ring of magical power
MPRegen  0.18/turn              a - ring of Imaal {rF++ AC+4}

@: berserking, regenerating, quick
A: horns 3, retaliatory headbutt, deterioration 1, MP-powered wands
a: Renounce Religion, Berserk, Trog's Hand, Brothers in Arms


You were on level 4 of the Shoals.
You worshipped Trog.
Trog was extremely pleased with you.
You visited 3 branches of the dungeon, and saw 19 of its levels.

You collected 1364 gold pieces.
You spent 231 gold pieces at shops.

Inventory:

Hand Weapons
 g - the +8 arc blade {discharge, rElec}
   (You found it on level 4 of the Lair of Beasts)

   It insulates you from electricity.
 s - a +2 mace of venom
 C - a +4 vorpal dire flail
 X - a +3 vorpal morningstar (weapon)
Missiles
 e - 7 curare-tipped darts
 h - 3 throwing nets
Armour
 k - a +0 cloak (worn)
 B - the +5 pair of gloves of Impatience (worn) {rN+++ Str+7 Int-2}
   (You acquired it on level 5 of the Dungeon)

   It affects your strength (+7).
   It affects your intelligence (-2).
   It renders you almost immune to negative energy.
 P - a +0 kite shield of reflection
 Q - the +8 scale mail of Beyond (worn) {Str+3 Int+4 Dex+4}
   (You found it on level 9 of the Dungeon)

   It affects your strength (+3).
   It affects your intelligence (+4).
   It affects your dexterity (+4).
 T - a +1 buckler (worn)
Jewellery
 a - the ring of Imaal (right hand) {rF++ AC+4}
   (You acquired it on level 5 of the Dungeon)

   [ring of protection]

   It affects your AC (+4).
   It greatly protects you from fire.
 v - a ring of magical power (left hand)
 R - the amulet "Aqeo" (around neck) {Reflect rElec Int+4 Dex+4 Slay+3 SH+5}
   (You found it on level 1 of the Lair of Beasts)

   [amulet of reflection]

   It reflects blocked missile attacks.
   It affects your intelligence (+4).
   It affects your dexterity (+4).
   It affects your accuracy and damage with ranged weapons and melee attacks
   (+3).
   It insulates you from electricity.
   It affects your SH (+5).
Wands
 o - a wand of polymorph (30)
 t - a wand of flame (58)
 w - a wand of digging (10)
 y - a wand of charming (28)
 F - a wand of mindburst (27)
 J - a wand of iceblast (7)
 L - a wand of paralysis (20)
Scrolls
 b - a scroll of vulnerability {unknown}
 d - a scroll of immolation {unknown}
 m - 2 scrolls of silence
 n - 9 scrolls of teleportation
 p - a scroll of blinking
 q - 5 scrolls of identify
 u - a scroll of fear {unknown}
 x - 4 scrolls of amnesia
 G - 2 scrolls of magic mapping
 I - a scroll of torment {unknown}
 N - a scroll of enchant weapon {unknown}
 W - a scroll of brand weapon
Potions
 c - a potion of flight
 f - 7 potions of curing
 i - 4 potions of brilliance
 l - 3 potions of degeneration {unknown}
 r - 4 potions of might
 z - a potion of ambrosia {unknown}
 D - a potion of berserk rage
 E - a potion of invisibility
 K - 3 potions of haste
 S - 2 potions of resistance
 V - a potion of cancellation {unknown}
 Y - a potion of magic {unknown}
Miscellaneous
 A - a lightning rod (4/4)
 O - a phial of floods


   Skills:
 + Level 16.3 Fighting
 + Level 16.3 Maces & Flails
 + Level 16.1 Armour
 - Level 2.1 Dodging
 + Level 5.7 Shields
 + Level 12.5 Evocations


You had 14 spell levels left.
You didn't know any spells.
Your spell library was empty.

Dungeon Overview and Level Annotations

Branches:
Dungeon (9/15)             Temple (0/1) D:6            Lair (6/6) D:9
 Shoals (4/4) Lair:3        Snake (0/4) Lair:4        Slime (0/5) Lair:6
    Orc: D:9-12

Altars:
Ashenzari
Cheibriados
Fedhas
Gozag
Hepliaklqana
Kikubaaqudgha
Nemelex Xobeh
Sif Muna
Trog
Uskayaw
Vehumet
Zin
The Shining One
Jiyva

Shops:
D:6 *   Shoals:3 ?*

Annotations:
Lair:5 2 transporters, Cotol's ghost, journeyman DgNe
Shoals:1 Roxanne


Innate Abilities, Weirdness & Mutations

You have a pair of large horns on your head.
You reflexively headbutt those who attack you in melee.
Your body sometimes deteriorates upon taking damage.
You expend magic power (3 MP) to strengthen your wands.


Message History

Your ogre barely misses the merfolk javelineer.
The merfolk javelineer throws a javelin.
The javelin pierces through you!
* * * LOW HITPOINT WARNING * * *
Your ogre completely misses the merfolk javelineer.
You block the merfolk's attack.
You feel much better.
The merfolk javelineer throws a javelin.
The javelin closely misses you.
Your ogre barely misses the merfolk javelineer.
You block the merfolk's attack. The water nymph touches you.
The water nymph drowns you!
* * * LOW HITPOINT WARNING * * *
You bludgeon the water nymph!! You headbutt the water nymph.
You kill the water nymph!
Trog accepts your kill.
Trog appreciates your killing of a magic user.
The merfolk javelineer throws a javelin.
The javelin pierces through you!
* * * LOW HITPOINT WARNING * * *
Your ogre hits the merfolk javelineer with a +0 giant spiked club!!!
A red film seems to cover your vision as you go berserk!
You feel yourself moving faster!
You feel mighty! You block the merfolk's attack.
The merfolk javelineer throws a javelin.
The javelin barely misses you.
Your ogre closely misses the merfolk javelineer.
You are too injured to fight recklessly!
You are too injured to fight recklessly!
You enter the shallow water.
Moving in this stuff is going to be slow.
You feel a strong urge to attack something.
A merfolk javelineer comes into view. It is wielding a +2 vampiric spear.
The merfolk javelineer shouts!
The merfolk hits you with a +0 trident!
* * * LOW HITPOINT WARNING * * *
Your ogre barely misses the merfolk javelineer.
The merfolk javelineer throws a javelin.
The javelin pierces through you!!
You die...

≈≈≈≈.......≈≈≈≈......#.#..≈#..≈#
≈≈≈≈....†...≈≈≈......)#.#....≈##≈
≈≈≈≈<.††....≈≈≈........#....≈##≈≈
≈≈≈≈<.......≈≈≈≈........######≈≈≈
≈≈≈....._..≈≈≈≈≈..........÷..≈≈≈P
≈≈≈.......≈≈≈≈≈≈......#######.≈.≈
≈≈≈≈.....≈≈≈≈≈≈≈≈....## ≈≈≈##..≈
≈P≈≈≈≈≈≈≈≈≈≈≈≈≈t≈...## ≈..≈##.≈
≈PPPP≈≈≈≈≈≈≈≈)≈m@≈..#≈# ≈≈..≈#.≈
≈≈PP≈≈≈≈≈≈≈≈≈≈≈≈≈≈..#≈mm #≈#..#.≈
≈≈PP≈≈≈≈≈≈≈≈≈≈≈≈)≈≈.#≈.§##≈≈..#.≈
≈..≈≈≈≈≈≈≈≈≈≈≈≈≈≈Om.#≈§mm§§§§.#..
P..≈≈≈≈≈≈≈≈≈≈≈≈≈≈...#≈mm#§§§#≈#≈.
≈≈#######≈≈≈##§§m..#≈#≈≈. ≈
#≈≈≈≈≈##≈≈≈##§.O..#≈≈..
#..≈≈≈##≈≈m######.....
.≈≈≈≈≈#..............


You could see 2 merfolk javelineers, a snapping turtle, a merfolk and a friendly
ogre (summoned, berserk).

Vanquished Creatures
  Frances (Shoals:1)
  Gastronok (D:8)
  Louise (Shoals:1)
  A merfolk javelineer (Shoals:2)
  2 merfolk impalers
  4 hydras
  Harold (D:8)
  A boulder beetle (Lair:3)
  3 merfolk avatars
  2 merfolk aquamancers
  3 catoblepae
  A centaur warrior (D:9)
  2 alligator snapping turtles
  A satyr (Shoals:3)
  Urug (Lair:6)
  9 sea snakes
  Pikel (D:8)
  15 harpies
  2 cyclopes
  4 fauns
  6 black mambas
  11 manticores
  4 merfolk sirens
  6 water nymphs
  14 cane toads
  Joseph (D:8)
  5 gargoyles (D:8)
  7 rime drakes
  8 komodo dragons
  12 polar bears
  Grinder (D:4)
  10 wind drakes
  10 merfolk
  4 hornets
  A blink frog (shapeshifter) (D:8)
  31 blink frogs
  5 dream sheep
  8 snapping turtles
  Sigmund (D:4)
  14 spriggans (Lair:6)
  10 water elementals
  2 wyverns
  5 basilisks
  51 yaks
  3 steam dragons
  Edmund (D:6)
  2 nagas (Lair:4)
  20 water moccasins
  3 ice beasts (D:6)
  4 boggarts (Lair:6)
  4 necrophages
  4 black bears
  A centaur (Shoals:1)
  3 ogres
  23 wolves (Lair:6)
  2 phantoms
  2 lemures (D:8)
  2 kobold brigands
  18 bullfrogs
  A wyvern zombie (D:7)
  A water moccasin zombie (D:5)
  A scorpion (D:5)
  11 killer bees
  3 wights (D:8)
  7 howler monkeys
  A crimson imp (D:4)
  A bullfrog zombie (D:6)
  5 hounds
  3 jellies
  2 orc priests (D:6)
  2 bullfrog skeletons
  Jessica (D:2)
  3 iguanas
  6 orc wizards
  10 hell rats
  A killer bee zombie (D:7)
  A hound skeleton (D:5)
  7 gnolls
  A howler monkey zombie (D:8)
  2 river rats (Lair:1)
  4 adders
  6 white imps
  An ufetubus (D:5)
  2 worms
  A dart slug (D:3)
  16 orcs
  9 ball pythons
  5 bats
  An endoplasm (D:4)
  2 giant cockroaches
  5 goblins
  3 hobgoblins
  7 jackals
  15 kobolds
  3 quokkas
  3 frilled lizards
  2 goblin skeletons (D:6)
  2 goblin zombies (D:6)
  3 hobgoblin zombies (D:6)
  2 kobold zombies (D:6)
  2 orc skeletons (D:6)
  10 rats
  A plant (Shoals:3)
  A withered plant (Shoals:3)
551 creatures vanquished.

Vanquished Creatures (collateral kills)
  Kirke (Shoals:1)
  A merfolk javelineer (Shoals:4)
  2 manticores
  2 fauns (Shoals:1)
  A merfolk siren (Shoals:1)
  A wind drake (Shoals:1)
  A blink frog (Lair:6)
  2 tentacles (Shoals:4)
11 creatures vanquished.

Vanquished Creatures (others)
  A kraken (Shoals:4)
  A harpy (Shoals:4)
  3 humans (Shoals:1)
  56 fungi
  83 plants
  4 tentacles (Shoals:4)
148 creatures vanquished.

Grand Total: 710 creatures vanquished

Notes
Turn   | Place    | Note
-------+----------+-------------------------------------------
     0 | D:1      | ChiliFlavouring the Minotaur Berserker began the quest for
                  | the Orb.
     0 | D:1      | Reached XP level 1. HP: 19/19 MP: 0/0
   343 | D:1      | Reached XP level 2. HP: 19/27 MP: 1/1
   482 | D:1      | You fall into a shaft and drop 1 floor!
   483 | D:2      | Reached ** piety under Trog
   562 | D:2      | Noticed Jessica
   572 | D:2      | Killed Jessica
   573 | D:2      | Reached XP level 3. HP: 28/34 MP: 2/2
  1231 | D:3      | Found a shimmering blue altar of Sif Muna.
  1237 | D:3      | Reached XP level 4. HP: 41/41 MP: 3/3
  1473 | D:3      | Upgraded the game from 0.27-a0-972-gd1521fd to
                  | 0.27-a0-978-g2aa4ecd
  1656 | D:3      | Reached skill level 5 in Fighting
  1665 | D:3      | Reached XP level 5. HP: 48/48 MP: 4/4
  1677 | D:3      | Reached skill level 5 in Maces & Flails
  1826 | D:3      | Found a faded altar of an unknown god.
  1826 | D:3      | Found a faded altar of an unknown god.
  1828 | D:3      | Found a hazy altar of Hepliaklqana.
  1931 | D:3      | Reached *** piety under Trog
  2426 | D:4      | Noticed an ogre
  2434 | D:4      | Killed an ogre
  2435 | D:4      | Reached skill level 1 in Evocations
  2435 | D:4      | Reached XP level 6. HP: 56/56 MP: 1/5
  2674 | D:4      | Noticed Grinder
  2689 | D:4      | Killed Grinder
  2690 | D:4      | Reached skill level 5 in Armour
  2690 | D:4      | Reached XP level 7. HP: 62/62 MP: 2/6
  2939 | D:4      | Found a sand-covered staircase.
  2943 | D:4      | Noticed Sigmund
  2949 | D:4      | Killed Sigmund
  3426 | D:5      | Entered Level 5 of the Dungeon
  3600 | D:5      | Found a broken altar of Ashenzari.
  3664 | D:5      | Found a sparkling altar of Nemelex Xobeh.
  3705 | D:5      | Reached XP level 8. HP: 66/71 MP: 5/7
  3794 | D:5      | Reached **** piety under Trog
  4022 | D:5      | Found an ancient bone altar of Kikubaaqudgha.
  4702 | D:5      | Identified 2 scrolls of acquirement
  4702 | D:5      | Acquired the +5 pair of gloves of Impatience {rN+++ Str+7
                  | Int-2}
  4716 | D:5      | Acquired the ring of Imaal {rF++ AC+4}
  4738 | D:6      | Found a snail-covered altar of Cheibriados.
  4738 | D:6      | Noticed a torpor snail
  4738 | D:6      | Noticed a torpor snail
  4738 | D:6      | Noticed a torpor snail
  4944 | D:6      | Found Gitaom's Assorted Antiques.
  4956 | D:6      | Bought a scroll labelled PYLUGY RAITA NUACS for 21 gold
                  | pieces
  4956 | D:6      | Bought a scroll labelled JODWIH PIAF for 21 gold pieces
  4995 | D:6      | Reached XP level 9. HP: 58/81 MP: 5/8
  5156 | D:5      | Gained mutation: You expend magic power (3 MP) to
                  | strengthen your wands. [potion of mutation]
  5156 | D:5      | Gained mutation: Your body sometimes deteriorates upon
                  | taking damage. [potion of mutation]
  5156 | D:5      | Gained mutation: You have a pair of large horns on your
                  | head. [potion of mutation]
  5224 | D:6      | Found an opulent altar of Gozag.
  5249 | D:6      | Found a hide-covered altar of Uskayaw.
  5311 | D:6      | Noticed Edmund
  5329 | D:6      | Killed Edmund
  5330 | D:6      | Reached skill level 5 in Evocations
  5476 | D:6      | Found a glowing golden altar of the Shining One.
  5619 | D:6      | Found a glowing silver altar of Zin.
  5692 | D:6      | Found a staircase to the Ecumenical Temple.
  5868 | D:7      | Reached ***** piety under Trog
  6024 | D:7      | Identified the +1 leather armour "Cunip" {rElec Will+ rCorr
                  | Dex-2}
  6431 | D:7      | Found a blossoming altar of Fedhas.
  6431 | D:7      | Found a radiant altar of Vehumet.
  6701 | D:8      | Noticed Joseph
  6717 | D:8      | Reached XP level 10. HP: 91/91 MP: 9/9
  6722 | D:8      | Killed Joseph
  6831 | D:8      | Noticed Gastronok
  6854 | D:8      | Killed Gastronok
  6855 | D:8      | Reached skill level 10 in Fighting
  6855 | D:8      | Reached skill level 10 in Maces & Flails
  6879 | D:8      | Noticed Pikel
  6892 | D:8      | Killed Pikel
  6893 | D:8      | Reached skill level 10 in Armour
  7104 | D:8      | Noticed a black mamba
  7108 | D:8      | a black mamba changed into a blink frog
  7523 | D:8      | Noticed Harold
  7551 | D:8      | Killed Harold
  7552 | D:8      | Reached XP level 11. HP: 91/101 MP: 10/10
  7976 | D:8      | Received a gift from Trog
  8371 | D:9      | Noticed a centaur warrior
  8380 | D:9      | Killed a centaur warrior
  8557 | D:9      | Found a staircase to the Lair.
  8797 | D:9      | Identified the +8 scale mail of Beyond {Str+3 Int+4 Dex+4}
  9029 | Lair:1   | Entered Level 1 of the Lair of Beasts
  9421 | Lair:1   | Identified the amulet "Aqeo" {Reflect rElec Int+4 Dex+4
                  | Slay+3 SH+5}
 10090 | Lair:2   | Reached skill level 1 in Shields
 10346 | Lair:2   | Noticed a four-headed hydra
 10362 | Lair:2   | Reached XP level 12. HP: 99/112 MP: 11/11
 10367 | Lair:2   | Killed a four-headed hydra
 11432 | Lair:3   | Noticed a catoblepas
 11449 | Lair:3   | Killed a catoblepas
 11496 | Lair:3   | Found a gate leading to a gauntlet.
 11842 | Lair:3   | Found a staircase to the Shoals.
 11969 | Lair:3   | Noticed an eight-headed hydra
 11977 | Lair:3   | Killed an eight-headed hydra
 12038 | Lair:3   | Noticed a boulder beetle
 12051 | Lair:3   | Killed a boulder beetle
 12616 | Lair:4   | Found the +8 arc blade {discharge, rElec}
 12858 | Lair:4   | Reached XP level 13. HP: 115/122 MP: 12/12
 12980 | Lair:4   | Found a staircase to the Snake Pit.
 13025 | Lair:4   | Reached skill level 10 in Evocations
 13780 | Lair:5   | Found a transporter.
 13783 | Lair:5   | Found a transporter.
 13784 | Lair:5   | Noticed Cotol's ghost (journeyman DgNe)
 14488 | Lair:6   | Entered Level 6 of the Lair of Beasts
 14768 | Lair:6   | Noticed Urug
 14775 | Lair:6   | Killed Urug
 15042 | Lair:6   | Paralysed by a hornet for 1 turns
 15068 | Lair:6   | Received a gift from Trog
 15399 | Lair:6   | Reached XP level 14. HP: 89/133 MP: 13/13
 15964 | Lair:6   | Found a staircase to the Slime Pits.
 15966 | Lair:6   | Found a viscous altar of Jiyva.
 16422 | D:6      | Bought a potion of curing for 63 gold pieces
 16422 | D:6      | Bought 2 potions of curing for 126 gold pieces
 16517 | Shoals:1 | Entered Level 1 of the Shoals
 16517 | Shoals:1 | Identified Roxanne's Handbook of Shape Shifting
 16517 | Shoals:1 | Noticed Roxanne
 16597 | Shoals:1 | Noticed Frances
 16610 | Shoals:1 | Killed Frances
 16939 | Shoals:1 | Reached skill level 15 in Fighting
 17014 | Shoals:1 | Reached skill level 15 in Maces & Flails
 17144 | Shoals:1 | Noticed Kirke
 17152 | Shoals:1 | Killed Kirke
 17449 | Shoals:1 | Reached skill level 15 in Armour
 18489 | Shoals:1 | Noticed Louise
 18499 | Shoals:1 | Killed Louise
 18712 | Shoals:2 | Received a gift from Trog
 20116 | Shoals:3 | Found Peizxeq's Mass Market.
 20135 | Shoals:3 | Reached XP level 15. HP: 139/143 MP: 14/14
 21038 | Shoals:3 | Found Hufekhlu's Magic Scroll Shoppe.
 21393 | Shoals:4 | Entered Level 4 of the Shoals
 21393 | Shoals:4 | Found a bloodstained altar of Trog.
 21509 | Shoals:4 | Reached skill level 5 in Shields
 21867 | Shoals:4 | Noticed a kraken
 21878 | Shoals:4 | Killed a kraken
 22133 | Shoals:4 | HP: 5/217 [merfolk/+0 trident (14)]
 22133 | Shoals:4 | Hit by a javelin thrown by a merfolk javelineer

Illustrated notes

Levels and vault maps discovered:
D:1:      dpeg_arrival_water_fire, layout_basic
D:2:      layout_loops_ring, uniq_jessica
D:3:      layout_loops_corners, nicolae_hepliaklqana_ecumenical_no_more,
          kennysheep_orc_sif_temple, nrook_mini_vaults, grunt_decor_resistance
D:4:      layout_loops_ring, enter_ossuary_3, minmay_fire_ice_demons,
          uniq_grinder, uniq_sigmund
D:5:      layout_layer_cave, lemuel_crystal_altar, general_overflow_altar,
          old_standard_altar, minmay_misc_feat_chi
D:6:      layout_rooms, pdpol_temple_overflow_zin_treasury_gozag_greed,
          nicolae_uskayaw_murder_on_the_dancefloor,
          nicolae_tso_besieged_by_evil, cheibriados_altar_2,
          minmay_temple_entry_nine_rooms, serial_shops, shop, hex_tiny,
          uniq_edmund
D:7:      layout_rooms, chequers_temple_overflow_statue_of_worship
D:8:      cheibrodos_statue_roulette, layout_basic, uniq_joseph, uniq_harold,
          uniq_gastronok, uniq_pikel
D:9:      layout_roguey, dpeg_oklobed_lair, enter_bailey_5,
          minmay_misc_feat_more_columns, kennysheep_crisscross,
          minmay_door_square
Lair:1:   layout_roguey, kennysheep_abandoned_house
Lair:2:   layout_regular_city
Lair:3:   layout_regular_city, elwin_shoals_entry_stream,
          gauntlet_entry_generic, st_stairs_7, serial_bayou_lake_a,
          infiniplex_staircase_pool_2, lemuel_fruit_fields
Lair:4:   layout_gridlike, guppyfry_snake_entry_island,
          grunt_forest_small_clearings, grunt_megastairs_5
Lair:5:   layout_regular_city, gammafunk_ghost_hive
Lair:6:   minmay_lair_end_enchanted_forest, layout_regular_city, slime_altar_1,
          uniq_urug
Shoals:1: layout_shoals, nicolae_shoals_drake_roost, uniq_kirke, uniq_louise,
          uniq_frances, uniq_roxanne
Shoals:2: layout_shoals
Shoals:3: layout_shoals, serial_shops, nicolae_shop_statue_plus,
          minmay_shop_mass, argonaut_gorgonesque
Shoals:4: shoals_end_hangedman, layout_shoals, shoals_ilsuiw_alternative,
          hangedman_feature_mirror, uniq_bai_suzhen

Skill      XL: |  1  2  3  4  5  6  7  8  9 10 11 12 13 14 15 |
---------------+----------------------------------------------+-----
Fighting       | 4 5 6 8 9 10 12 13 14 15 16 | 16.3
Maces & Flails | 4 5 6 8 9 10 12 13 14 15 16 | 16.3
Armour         | 3 4 5 6 7 9 10 11 13 14 15 16 | 16.1
Evocations     | 1 2 3 4 6 7 8 9 11 12 | 12.5
Shields        | 2 4 5 |  5.7
Dodging        | |  2.1

Action                   |  1- 3 |  4- 6 |  7- 9 | 10-12 | 13-15 || total
-------------------------+-------+-------+-------+-------+-------++-------
Melee: Mace              |    45 |    80 |   263 |   356 |   217 ||   961
       Headbutt          |     6 |    16 |    58 |   144 |   255 ||   479
       Great mace        |       |       |       |    66 |       ||    66
       Morningstar       |       |       |       |       |   521 ||   521
Invok: Berserk           |     2 |     2 |     5 |     3 |     7 ||    19
       Trog's Hand       |       |       |     1 |     5 |     8 ||    14
       Brothers in Arms  |       |       |       |       |     5 ||     5
  Use: Scroll            |       |       |     9 |     6 |     3 ||    18
       Potion            |       |       |     2 |     2 |     8 ||    12
 Stab: Sleeping          |     1 |       |       |       |       ||     1
       Petrified         |       |       |       |       |     4 ||     4
Armor: Animal skin       |     8 |       |       |       |       ||     8
       Ring mail         |     2 |    28 |   129 |    71 |       ||   230
       Scale mail        |       |       |       |    76 |   295 ||   371
Dodge: Dodged            |    30 |    32 |   154 |   130 |   239 ||   585
Block: Buckler           |       |       |       |    83 |   337 ||   420
       Other             |       |       |       |     3 |       ||     3
       Reflection        |       |       |       |     1 |    19 ||    20

Table legend: (Time is in decaauts)
 A = Elapsed time spent in this place.
 B = Non-inter-level travel time spent in this place.
 C = Inter-level travel time spent in this place.
 D = Time resting spent in this place.
 E = Time spent auto-exploring this place.
 F = Levels seen in this place.
 G = Mean time per level.
                   A        B        C        D        E       F      G
               +--------+--------+--------+--------+--------+-----+--------+
         Total |  22374 |  21663 |    711 |   3249 |  14412 |  19 | 1177.6 |
       Dungeon |   9226 |   8930 |    296 |   1069 |   6403 |   9 | 1025.1 |
          Lair |   7371 |   7112 |    259 |    999 |   4789 |   6 | 1228.5 |
        Shoals |   5776 |   5622 |    154 |   1180 |   3219 |   4 | 1444.0 |
               +--------+--------+--------+--------+--------+-----+--------+

Top non-repeatable levels by time:
Shoals:1: 2245 daAuts
  Lair:6: 1808 daAuts
  Lair:3: 1529 daAuts
Shoals:3: 1475 daAuts
     D:8: 1403 daAuts
Shoals:2: 1331 daAuts
     D:5: 1323 daAuts
     D:3: 1304 daAuts
  Lair:2: 1197 daAuts
     D:6: 1134 daAuts
     D:4: 1033 daAuts
     D:9: 995 daAuts
  Lair:1: 967 daAuts
  Lair:5: 943 daAuts
  Lair:4: 925 daAuts
